 Dungeon Crawl Stone Soup version 0.29.0-4-gdea44cf6ec (webtiles) character file.

Game seed: 7450975070868750624

641 qw the Shield-Bearer (level 7, -2/40 HPs)
             Began as a Tengu Warper on Aug 28, 2022.
             Slain by an ogre
             ... wielding a +0 giant club
              (17 damage)
             ... on level 5 of the Dungeon.
             The game lasted 00:00:32 (5647 turns).

qw the Shield-Bearer (Tengu Warper)                 Turns: 5647, Time: 00:00:32

Health: -2/40      AC:  8    Str: 12    XL:     7   Next: 51%
Magic:  11/11      EV:  6    Int: 17    God:
Gold:   251        SH: 14    Dex: 13    Spells: 10/10 levels left

rFire   . . .      SeeInvis .   Y - +0 war axe
rCold   . . .      Faith    .   k - +0 tower shield
rNeg    . . .      Spirit   .   m - +0 scale mail
rPois   .          Reflect  .   (helmet restricted)
rElec   .          Harm     .   (no cloak)
rCorr   .          Rampage  .   (no gloves)
Will    ++...                   (boots unavailable)
Stlth   ..........              (no amulet)
HPRegen 0.13/turn               o - ring of willpower
MPRegen 0.12/turn               (no ring)

@: flying quickly and evasively, quick
A: beak, talons 3, nimble flight, iridescent scales 1, clever 1, strong-willed 1
a: no special abilities


You were on level 5 of the Dungeon.
You visited 1 branch of the dungeon, and saw 5 of its levels.

You collected 251 gold pieces.


Innate Abilities, Weirdness & Mutations

You have a beak for a mouth.
You have claws for feet.
Your magical nature lets you fly swiftly and evasively.
You are partially covered in iridescent scales. (AC +2)
Your mind is acute. (Int +4, Str/Dex -1)
You are strong-willed. (Will+)


   Skills:
 - Level 2.0 Fighting
 + Level 5.7 Axes
 - Level 1.0 Throwing
 - Level 1.1 Armour
 - Level 2.1 Dodging
 - Level 6.1 Shields
 - Level 2.0 Spellcasting
 - Level 2.4 Translocations


You had 10 spell levels left.
You didn't know any spells.
Your spell library contained the following spells:

 Spells                   Type           Power      Damage    Failure   Level
 Blink                    Tloc           18%        N/A       99%         2
 Gell's Gravitas          Tloc           9%         N/A       100%        3
 Lesser Beckoning         Tloc           9%         N/A       100%        3
 Teleport Other           Tloc           9%         N/A       100%        3
 Manifold Assault         Tloc           9%         N/A       100%        5

Inventory:

Hand Weapons
 b - a +2 antimagic flail
 Y - a +0 war axe (weapon)
Armour
 k - a +0 tower shield (worn)
 m - a +0 scale mail (worn)
Jewellery
 o - a ring of willpower (left hand)
Scrolls
 a - 2 scrolls of identify
 h - 2 scrolls of teleportation
Potions
 c - a potion of haste
 e - a potion of mutation
 g - a potion of magic {unknown}
 i - 2 potions of curing
 l - a potion of heal wounds {unknown}

Dungeon Overview and Level Annotations

Branches:
Dungeon (5/15)
 Temple: D:4-7

Altars:
Elyvilon
Kikubaaqudgha
Zin


Message History

You peck the shadow imp.
The shadow imp is severely wounded.
The shadow imp hits you.
You completely miss the shadow imp. Your kick misses the shadow imp.
Your peck misses the shadow imp.
The shadow imp is severely wounded.
You block the shadow imp's attack. x2
You slash the shadow imp!
You kill the shadow imp!
You start resting.
HP restored.
You see here a +0 spear of venom.
A quokka comes into view.
Enter note: You closely miss the quokka.
You block the quokka's attack. The quokka closely misses you.
You hit the quokka. You peck the quokka, but do no damage.
The quokka is moderately wounded.
You block the quokka's attack.
The quokka bites you but does no damage.
You barely miss the quokka. Your kick misses the quokka.
The quokka is moderately wounded.
You block the quokka's attack.
The quokka bites you but does no damage.
You slash the quokka!
You kill the quokka!
You now have 236 gold pieces (gained 17).
You now have 251 gold pieces (gained 15).
Found a ring mail.
An ogre comes into view. It is wielding a +0 giant club.
The ogre shouts!
A phantom comes into view.
You closely miss the ogre. You claw the ogre.
The ogre is moderately wounded.
The ogre hits you with a +0 giant club!!
Ouch! That really hurt!
You hit the ogre.
The ogre is moderately wounded.
The ogre hits you with a +0 giant club!
You die...

#..#.........
#.########'## #.. ##.##
#. # #.... ### .
.#######..##
##.#.#..#..........
######..#....#.....#####
...........#.#..........
......O@# #.#...).<####
.....#..#+##.####.######
..W #.......# #......# .
#.......#########.#
#..................
#..................
#..................
#..#.#.#...........
....#.#.#...........


You could see an ogre and a phantom.

Vanquished Creatures
  An ogre (D:5)
  A centaur (D:5)
  A phantom (D:5)
  A scorpion (D:4)
  A vampire bat (D:4)
  2 orc wizards (D:4)
  3 iguanas (D:4)
  6 adders
  A shadow imp (D:5)
  2 worms (D:2)
  4 dart slugs
  5 orcs (D:4)
  5 bats
  3 bat skeletons (D:4)
  2 bat zombies (D:4)
  7 endoplasms
  5 giant cockroaches
  7 goblins
  8 hobgoblins
  11 kobolds
  4 quokkas
  10 ball pythons
  4 frilled lizards
  17 rats
111 creatures vanquished.

Notes
Turn   | Place    | Note
-------+----------+-------------------------------------------
     0 | D:1      | qw the Tengu Warper began the quest for the Orb.
     0 | D:1      | Reached XP level 1. HP: 12/12 MP: 4/4
     0 | D:1      | 0 ||| qw: Version: 0.1-a-89-g26bdef1
     0 | D:1      | 0 ||| qw: Game counter: 1748
     0 | D:1      | 0 ||| qw: Always use a shield: true
     0 | D:1      | 0 ||| qw: God list: Okawaru
     0 | D:1      | 0 ||| qw: Allow faded altars: false
     0 | D:1      | 0 ||| qw: Do Orc after D:15 true
     0 | D:1      | 0 ||| qw: Do second Lair branch before Depths: true
     0 | D:1      | 0 ||| qw: Lair rune preference: random
     0 | D:1      | 0 ||| qw: Plans: Normal
     0 | D:1      | 0 ||| PLANNING D:1-11
    34 | D:1      | 34 ||| DROPPING scroll of blinking.
    35 | D:1      | 35 ||| Stepping randomly (stuck).
    36 | D:1      | 36 ||| Stepping randomly (stuck).
    47 | D:1      | 47 ||| Stepping ~*~*~tactically~*~*~ (stealth).
    48 | D:1      | 48 ||| Stepping ~*~*~tactically~*~*~ (stealth).
    61 | D:1      | Reached skill level 3 in Axes
    61 | D:1      | Reached XP level 2. HP: 7/17 MP: 6/6
   417 | D:1      | 417 ||| READING scroll labelled DASTROTT MIMA.
   578 | D:1      | 578 ||| Stepping ~*~*~tactically~*~*~ (stealth).
   584 | D:1      | Reached XP level 3. HP: 16/21 MP: 7/7
   787 | D:1      | 787 ||| Stepping ~*~*~tactically~*~*~ (hiding).
  1047 | D:1      | 1047 ||| Stepping ~*~*~tactically~*~*~ (stealth).
  1083 | D:1      | 1083 ||| DROPPING amulet of magic regeneration.
  1084 | D:1      | 1084 ||| READING scroll labelled FUVONOBL AXZI.
  1085 | D:1      | 1085 ||| READING scroll labelled UXIJIT FYPAQ.
  1243 | D:2      | 1243 ||| Stepping ~*~*~tactically~*~*~ (stealth).
  1319 | D:2      | 1319 ||| DROPPING +2 whip of freezing.
  1348 | D:2      | Reached XP level 4. HP: 23/26 MP: 8/8
  2456 | D:2      | 2456 ||| UPGRADING to +0 ring mail.
  2466 | D:2      | 2466 ||| DROPPING +0 leather armour.
  2467 | D:2      | 2467 ||| DRINKING 2 green potions.
  2467 | D:2      | Gained mutation: You are strong-willed. (Will+) [potion of
                  | mutation]
  2467 | D:2      | Gained mutation: Your mind is acute. (Int +4, Str/Dex -1)
                  | [potion of mutation]
  2467 | D:2      | Gained mutation: You are partially covered in iridescent
                  | scales. (AC +2) [potion of mutation]
  2468 | D:2      | 2468 ||| READING 3 scrolls of identify.
  2468 | D:2      | 2468 ||| IDENTIFYING cyan potion
  2469 | D:2      | 2469 ||| READING 2 scrolls of identify.
  2469 | D:2      | 2469 ||| IDENTIFYING fizzy blue potion
  2470 | D:2      | 2470 ||| DROPPING potion of degeneration.
  2471 | D:2      | 2471 ||| DROPPING potion of invisibility.
  2639 | D:3      | 2639 ||| Stepping ~*~*~tactically~*~*~ (stealth).
  2952 | D:3      | Gained mutation: Your magical nature lets you fly swiftly
                  | and evasively. [Tengu growth]
  2952 | D:3      | Reached XP level 5. HP: 30/30 MP: 9/9
  3090 | D:3      | Found a glowing silver altar of Zin.
  3190 | D:3      | 3190 ||| UPGRADING to +0 tower shield.
  3195 | D:3      | 3195 ||| UPGRADING to +0 scale mail.
  3205 | D:3      | 3205 ||| DROPPING +0 ring mail.
  3206 | D:3      | 3206 ||| DROPPING ring of magical power.
  3207 | D:3      | 3207 ||| READING scroll labelled LAOS OFUMIMMAE.
  3208 | D:3      | 3208 ||| READING scroll labelled SUROOBR VOEPS.
  3209 | D:3      | 3209 ||| DRINKING 3 golden potions.
  3285 | D:4      | Reached skill level 1 in Shields
  3290 | D:4      | Reached skill level 2 in Shields
  3297 | D:4      | 3297 ||| FLEEEEING.
  3300 | D:4      | 3300 ||| FLEEEEING.
  3302 | D:4      | 3302 ||| FLEEEEING.
  3308 | D:4      | 3308 ||| STAIRDANCE
  3397 | D:3      | 3397 ||| DROPPING +0 flail.
  3602 | D:4      | 3602 ||| Stepping ~*~*~tactically~*~*~ (stealth).
  3759 | D:4      | Reached XP level 6. HP: 35/35 MP: 10/10
  3892 | D:4      | 3892 ||| SWAPPING to +0 war axe.
  3893 | D:4      | 3893 ||| DROPPING +1 hand axe.
  3925 | D:4      | Reached skill level 3 in Shields
  3978 | D:4      | Found a white marble altar of Elyvilon.
  4023 | D:4      | HP: 8/35 [poisoned by a scorpion]
  4024 | D:4      | 4024 ||| READING 4 scrolls of teleportation.
  4027 | D:4      | HP: 3/35 [poisoned by a scorpion]
  4381 | D:4      | Found an ancient bone altar of Kikubaaqudgha.
  4720 | D:4      | Reached skill level 4 in Shields
  5294 | D:4      | 5294 ||| UPGRADING to ring of willpower.
  5295 | D:4      | 5295 ||| READING scroll labelled ENOSTR ERGHUEKU.
  5296 | D:4      | 5296 ||| READING 2 scrolls labelled NOETTI ARPHEI.
  5297 | D:4      | 5297 ||| READING scroll labelled NAMAIF UTHRE.
  5298 | D:4      | 5298 ||| DRINKING 2 grey potions.
  5299 | D:4      | 5299 ||| DROPPING scroll of magic mapping.
  5300 | D:4      | 5300 ||| READING 3 scrolls of teleportation.
  5319 | D:5      | Entered Level 5 of the Dungeon
  5324 | D:5      | 5324 ||| Stepping ~*~*~tactically~*~*~ (hiding).
  5325 | D:5      | 5325 ||| Stepping ~*~*~tactically~*~*~ (hiding).
  5338 | D:5      | 5338 ||| Stepping ~*~*~tactically~*~*~ (hiding).
  5341 | D:5      | 5341 ||| Stepping ~*~*~tactically~*~*~ (hiding).
  5342 | D:5      | 5342 ||| Stepping ~*~*~tactically~*~*~ (hiding).
  5351 | D:5      | Reached skill level 5 in Shields
  5351 | D:5      | Reached XP level 7. HP: 40/40 MP: 11/11
  5489 | D:5      | Reached skill level 6 in Shields
  5647 | D:5      | Slain by an ogre

Levels and vault maps discovered:
D:1:      ncdulo_halloftheorcs, layout_rooms, serial_glass, glass_columns_b,
          glass_columns_b, feat_on_display, item_on_display_a
D:2:      layout_basic, dk_vineyard_3, minivault_4, minmay_rat_gold_closets
D:3:      wander_river, layout_rooms, lemuel_coloured_pillars_altar,
          minmay_misc_feat_iff
D:4:      layout_layer_cave, kennysheep_vampire_church,
          nicolae_elyvilon_peaceful_grove, glass_columns_a,
          minmay_close_crescents
D:5:      layout_basic, ebering_ghost_gozag

Skill      XL: |  1  2  3  4  5  6  7 |
---------------+----------------------+-----
Axes           | 3 4 5 |  5.7
Shields        | 2 5 6 |  6.1
Fighting       | |  2.0
Throwing       | |  1.0
Armour         | |  1.1
Dodging        | |  2.1
Spellcasting   | |  2.0
Translocations | |  2.4

Action                   |  1- 3 |  4- 6 |  7- 9 || total
-------------------------+-------+-------+-------++-------
Melee: Hand axe          |    74 |   120 |       ||   194
       Kick              |    20 |    35 |     5 ||    60
       Peck              |     7 |    24 |     6 ||    37
       Punch             |       |     2 |       ||     2
       War axe           |       |    54 |    21 ||    75
Throw: Boomerang         |     7 |       |       ||     7
  Use: Scroll            |     3 |     9 |       ||    12
       Potion            |       |     3 |       ||     3
Armor: Leather armour    |    11 |     5 |       ||    16
       Ring mail         |       |    12 |       ||    12
       Scale mail        |       |    50 |     6 ||    56
Dodge: Dodged            |    52 |    35 |     5 ||    92
Block: Tower shield      |       |    67 |    10 ||    77

Table legend:
 A = Non-vault XP
 B = Vault XP
 C = Vault XP percentage of total XP
 D = Non-vault monster count
 E = Vault monster count
 F = Vault count percentage of total count
                 A         B        C        D         E       F
            +---------+---------+-------+---------+---------+-------
      Total |     835 |      81 |   8.8 |      91 |      20 |  18.0
            +---------+---------+-------+---------+---------+-------
        D:1 |      45 |       0 |   0.0 |      24 |       0 |   0.0
        D:2 |      77 |      10 |  11.5 |      24 |      10 |  29.4
        D:3 |      50 |       0 |   0.0 |      16 |       0 |   0.0
        D:4 |     305 |      71 |  18.9 |      21 |      10 |  32.3
        D:5 |     358 |       0 |   0.0 |       6 |       0 |   0.0
            +---------+---------+-------+---------+---------+-------
